 Dungeon Crawl Stone Soup version 0.31-a0-1338-gb567cfdca4 (webtiles) character file.

Game seed: 9772686048526794327

14 grandjackal the Sneak (level 2, 0/25 HPs)
             Began as a Djinni Delver on Dec 22, 2023.
             Slain by a quokka (1 damage)
             ... on level 4 of the Dungeon.
             The game lasted 00:01:03 (216 turns).

grandjackal the Sneak (Djinni Delver)                Turns: 216, Time: 00:01:03

Health: 0/25       AC:  3    Str: 11    XL:     2   Next: 60%
Gold:   20         EV: 12    Int: 11    God:
                   SH:  0    Dex: 14

rFire   + + .        a - +0 spear
rCold   x . .        (no shield)
rNeg    . . .        b - +0 leather armour
rPois   ∞            (no helmet)
rElec   .            (no cloak)
rCorr   .            (no gloves)
SInv    .            (boots unavailable)
Will    .....        (no amulet)
Stlth   ++           (no ring)
HPRegen 0.24/turn    (no ring)
MPRegen 0.00/turn

%: infuse magic (-1 HP)
@: flying
A: sickness immunity, fire resistance 2, cold vulnerability 1, float, innate
caster, HP casting, extra vitality 1
a: no special abilities


You were on level 4 of the Dungeon.
You visited 1 branch of the dungeon, and saw 2 of its levels.

You collected 20 gold pieces.

Inventory:

Hand Weapons
 a - a +0 spear (weapon)
Armour
 b - a +0 leather armour (worn)
Wands
 g - a wand of digging (3)
Scrolls
 c - a scroll of fog
 d - a scroll of revelation
 e - a scroll of fear
Potions
 f - a potion of haste
 h - a potion of lignification {unknown}
 i - 2 potions of invisibility {unknown}


   Skills:
 + Level 3.2 Fighting
 - Level 1.5(1.7) Polearms
 + Level 0.9(1.4) Staves
 - Level 2.1 Dodging
 - Level 4.1 Stealth
 + Level 0.7 Spellcasting
 + Level 0.7 Conjurations
 + Level 0.7 Hexes
   Level 0.0 Charms
 + Level 0.7 Summonings
 + Level 0.7 Necromancy
 + Level 0.7 Translocations
   Level 0.0 Transmutations
 + Level 0.7 Fire Magic
 + Level 0.7 Ice Magic
 + Level 0.7 Air Magic
 + Level 0.7 Earth Magic
 + Level 0.7 Alchemy You didn't know any spells. Your spell library was empty.

Dungeon Overview and Level Annotations

Branches:
Dungeon (5/15)
 Temple: D:4-7

Altars:


Innate Abilities, Weirdness & Mutations

You are immune to sickness and miasma.
You are immune to poison.
Your flesh is very heat resistant. (rF++)
You are vulnerable to cold. (rC-)
You float through the air rather than walking.
You learn spells naturally, not from books.
Your magical power is your life essence.
You have superior vitality. (+4 MHP)


Message History

The kobold closely misses you.
The quokka bites you but does no damage.
You closely miss the quokka.
The quokka is lightly wounded.
The kobold hits you with a +0 whip. The quokka misses you.
The kobold hits you with a +0 whip.
You hit the quokka.
The quokka is moderately wounded.
The quokka barely misses you. The kobold closely misses you.
You hit the quokka.
The quokka is almost dead.
The quokka completely misses you. The quokka bites you.
The kobold hits you with a +0 whip.
You are too injured to fight recklessly!
You are too injured to fight recklessly!
You closely miss the quokka.
The quokka is almost dead.
The quokka closely misses you. The kobold hits you but does no damage.
You hit the quokka but do no damage. You punch the quokka, but do no damage.
The quokka is severely wounded.
The quokka bites you. The kobold closely misses you.
You closely miss the quokka.
The quokka is severely wounded.
The quokka closely misses you. The kobold hits you with a +0 whip.
You barely miss the quokka. Your punch misses the quokka.
The quokka is severely wounded.
The quokka bites you but does no damage.
The kobold hits you with a +0 whip.
* * * LOW HITPOINT WARNING * * *
The quokka barely misses you.
You hit the quokka but do no damage.
The quokka is severely wounded.
The quokka bites you.
* * * LOW HITPOINT WARNING * * *
The kobold hits you with a +0 whip.
* * * LOW HITPOINT WARNING * * *
You hit the quokka.
The quokka is almost dead.
The quokka bites you.
You die...

# ##### .###
#####...###...##
##..............#
#......>.........
#......r.........
#....@K.>.....?.
##..............
###............
##...........
###.........
###.......
##..... ####.


You could see a quokka and a kobold.

Vanquished Creatures
  An adder (D:5)
  A worm (D:4)
  A quokka (D:5)
  A kobold (D:5)
4 creatures vanquished.

Notes
Turn   | Place    | Note
-------+----------+-------------------------------------------
     0 | D:5      | grandjackal the Djinni Delver began the quest for the Orb.
     0 | D:5      | Reached XP level 1. HP: 20/20 MP: 0/0
    55 | D:5      | Reached XP level 2. HP: 13/25 MP: 0/0
   215 | D:4      | HP: 1/25 [kobold/+0 whip (1)]
   216 | D:4      | Slain by a quokka

Illustrated notes

Levels and vault maps discovered:
D:4:      layout_cave_pods, mainiacjoe_overflow_alcove_3,
          nicolae_uskayaw_dance_hall,
          mainiacjoe_sewer_entry_somewhere_in_here_2, gammafunk_ghost_grave,
          uniq_natasha
D:5:      layout_basic, dk_noncrumbling_4,
          nicolae_concentric_dashed_squares_mild

Action                     || total
---------------------------++-------
  Melee: Spear             ||    32
         Punch             ||     1
   Stab: Sleeping          ||     1
 Armour: Leather armour    ||    28
  Dodge: Dodged            ||    19

Table legend: (Time is in decaauts)
 A = Elapsed time spent in this place.
 B = Non-inter-level travel time spent in this place.
 C = Inter-level travel time spent in this place.
 D = Time resting spent in this place.
 E = Time spent auto-exploring this place.
 F = Levels seen in this place.
 G = Mean time per level.
                   A        B        C        D        E       F      G
               +--------+--------+--------+--------+--------+-----+--------+
         Total |    216 |    216 |      0 |     49 |     12 |   2 |  108.0 |
       Dungeon |    216 |    216 |      0 |     49 |     12 |   2 |  108.0 |
               +--------+--------+--------+--------+--------+-----+--------+

Top non-repeatable levels by time:
     D:5: 195 daAuts
     D:4: 20 daAuts
